 Dungeon Crawl Stone Soup version 0.17-a0-1571-g3ed2ab2 (webtiles) character file.

56 JohnySteed the Insei (level 3, 0/26 HPs)
             Began as an Octopode Monk on July 24, 2015.
             Slain by a quokka (2 damage)
             ... on level 3 of the Dungeon.
             The game lasted 00:04:37 (1707 turns).

JohnySteed the Insei (Octopode Monk)                Turns: 1707, Time: 00:04:37

Health: 0/26       AC:  1    Str: 12    XL:     3   Next: 95%
Magic:  3/3        EV: 13    Int: 12    God:
Gold:   50         SH:  0    Dex: 15    Spells: 0 memorised, 2 levels left

rFire  . . .     SeeInvis .       - Unarmed
rCold  . . .     Clarity  .     (no shield)
rNeg   . . .     SustAt   .     (helmet restricted)
rPois  .         Gourm    .     (no amulet)
rElec  .         Spirit   .     j - +2 ring of strength (curse)
rCorr  .         Warding  .     (no ring)
rMut   .         Stasis   .     (no ring)
MR     .....                    (no ring)
Stlth  ++++......               (no ring)
                                (no ring)
                                (no ring)
                                (no ring)

@: not resistant to hostile enchantments, stealthy
A: almost no armour, amphibious, 8 rings, constrict 8, camouflage 1, gelatinous
body 1
a: no special abilities


You were on level 3 of the Dungeon.
You were not hungry.

You visited 1 branch of the dungeon, and saw 3 of its levels.

You collected 50 gold pieces.

Inventory:

Jewellery
 j - a cursed +2 ring of strength (left tentacle)
Scrolls
 b - 2 scrolls of teleportation {unknown}
 e - 2 scrolls of immolation {unknown}
 i - 2 scrolls of amnesia {unknown}
 k - a scroll of identify {unknown}
Potions
 c - a potion of curing {unknown}
 d - a potion of agility {unknown}
 f - a potion of ambrosia {unknown}
 h - a potion of poison {unknown}
Comestibles
 a - a bread ration
 g - a slice of pizza


   Skills:
 + Level 3.5 Fighting
 + Level 3.4 Dodging
 + Level 3.3 Stealth
 + Level 4.5 Unarmed Combat


You had 2 spell levels left.
You didn't know any spells.

Dungeon Overview and Level Annotations

Branches:
Dungeon (3/15)

Altars:
Elyvilon
Ru

Annotations:
D:3 Tyryt0's ghost, average FoFi


Innate Abilities, Weirdness & Mutations

You cannot wear most types of armour.
You are amphibious.
You can wear up to eight rings at the same time.
You can use your tentacles to constrict eight enemies at once.
Your skin changes colour to match your surroundings (Stealth).
Your rubbery body absorbs attacks (AC +1).


Message History

You tentacle-slap Tyryt0's ghost but do no damage.
Tyryt0's ghost is moderately damaged.
Tyryt0's ghost completely misses you.
You tentacle-slap Tyryt0's ghost but do no damage.
Tyryt0's ghost is moderately damaged.
Tyryt0's ghost hits you!
Ouch! That really hurt!
* * * LOW HITPOINT WARNING * * *
You tentacle-slap Tyryt0's ghost but do no damage.
Tyryt0's ghost is moderately damaged.
Tyryt0's ghost closely misses you.
A quokka comes into view.
Found 2 throwing nets.
Found 21 exploding sling bullets.
The quokka barely misses you.
Tyryt0's ghost screams, "What do you have that I didn't have?"
The quokka barely misses you.
Found 7 gold pieces.
The quokka bites you.
You die...

......#.......###...
...(...............
...................
####..............
#..(.....######...
#........## ...
#............ ##
##r.r.........
+.@W.........#
#..............
#.#+#+###...... ..
.##.# #.. # $.. ....
.#...


You could see Tyryt0's ghost, a quokka and a rat.

Vanquished Creatures
  2 worms (D:2)
  A giant gecko (D:1)
  3 ball pythons
  4 giant cockroaches
  6 goblins
  6 hobgoblins
  7 bats
  6 giant newts
  6 kobolds
  6 rats
47 creatures vanquished.

Notes
Turn   | Place    | Note
--------------------------------------------------------------
     0 | D:1      | JohnySteed the Octopode Monk began the quest for the Orb.
     0 | D:1      | Reached XP level 1. HP: 16/16 MP: 1/1
   131 | D:1      | Reached XP level 2. HP: 21/21 MP: 2/2
   514 | D:1      | Reached XP level 3. HP: 26/26 MP: 3/3
  1135 | D:2      | Found a white marble altar of Elyvilon.
  1169 | D:2      | Found a sacrificial altar of Ru.
  1672 | D:3      | Noticed Tyryt0's ghost (average FoFi)
  1694 | D:3      | HP: 1/26 [Tyryt0's ghost (13)]
  1707 | D:3      | Slain by a quokka

Vault maps used:
D:1:      dpeg_arrival_long_road
D:2:      kennysheep_six_static_rooms, hangedman_ru_absence, lemuel_doored_altar
D:3:      nicolae_overflow_hidden_temple, first_bread, uniq_sigmund

Action                   || total
-------------------------++-------
Melee: Unarmed           ||    82
 Stab: Sleeping          ||    16
  Eat: Chunk             ||     2
